 Dungeon Crawl Stone Soup version 0.19.5 (webtiles) character file.

9142 serega1309 the Basher (level 11, -3/101 HPs)
             Began as a Minotaur Chaos Knight on Mar 4, 2017.
             Slain by an ice devil (7 damage)
             ... summoned by Xom
             ... on level 2 of the Lair of Beasts.
             The game lasted 00:42:08 (10433 turns).

serega1309 the Basher (Minotaur Chaos Knight)      Turns: 10433, Time: 00:42:10

Health: -3/101     AC: 12    Str: 14    XL:     11   Next: 19%
Magic:  10/10      EV: 25    Int: 12    God:    Xom [......]
Gold:   660        SH:  9    Dex: 19    Spells: 0 memorised, 10 levels left

rFire  . . .     SeeInvis .     a - +0 mace (chaos)
rCold  + . .     Gourm    .     b - +3 leather armour
rNeg   . . .     Faith    .     (no shield)
rPois  .         Spirit   .     (helmet restricted)
rElec  .         Reflect  +     k - +0 cloak
rCorr  .         Harm     .     (no gloves)
MR     +....                    r - +0 pair of boots
Stlth  ++........               d - amulet of Modesty {Reflect Int+3 SH+5}
                                z - ring of protection from cold
                                n - ring of protection from magic

@: agile, very slightly contaminated, hasted, very quick
A: retaliatory headbutt, horns 2, talons 1, large bone plates 1, rugged brown
scales 1, slimy green scales 1, mutation resistance 1, screaming 1, weak 1
a: Renounce Religion


You were on level 2 of the Lair of Beasts.
You worshipped Xom.
You were a very special plaything of Xom.
You were very hungry.

You visited 2 branches of the dungeon, and saw 10 of its levels.
You also visited: Sewer.

You collected 660 gold pieces.

Inventory:

Hand Weapons
 a - a +0 mace of chaos (weapon)
Armour
 b - a +3 leather armour (worn)
 k - a +0 cloak (worn)
 r - a +0 pair of boots (worn)
Jewellery
 d - the amulet of Modesty (around neck) {Reflect Int+3 SH+5}
   (You found it on level 1 of the Lair of Beasts)

   [amulet of reflection]

   It shields you and reflects attacks.
   It affects your intelligence (+3).
   It affects your SH (+5).
 g - an uncursed ring of ice
 n - a ring of protection from magic (left hand)
 q - an uncursed ring of positive energy
 w - an uncursed amulet of guardian spirit
 z - a ring of protection from cold (right hand)
 F - an uncursed ring of resist corrosion
 H - an uncursed ring of see invisible
 I - a +3 ring of dexterity {unknown}
 J - an uncursed ring of flight {unknown}
Wands
 f - a wand of lightning (9/15)
 i - a wand of digging (15/24)
 l - a wand of iceblast (2/15)
 o - a wand of digging (18/24)
 y - a wand of iceblast (5/15)
 A - a wand of paralysis (12/24)
 B - a wand of iceblast (5/15)
 C - a wand of iceblast (8/15)
 K - a wand of lightning (4/15)
Scrolls
 D - a scroll of fog
 E - 2 scrolls of remove curse
Potions
 e - 2 potions of flight
 m - a potion of might
 u - a potion of agility
 v - a potion of curing
Books
 t - a book of Air

   Spells                             Type                      Level
   a - Shock                          Conjuration/Air              1
   b - Swiftness                      Charms/Air                   2
   c - Repel Missiles                 Charms/Air                   2
   d - Static Discharge               Conjuration/Air              3
   e - Lightning Bolt                 Conjuration/Air              5
Comestibles
 c - 3 bread rations
 j - 9 fruits
 p - 2 beef jerkies
 s - 2 meat rations


   Skills:
 + Level 9.9 Fighting
 + Level 13.4 Maces & Flails
 + Level 6.4 Armour
 + Level 10.7 Dodging


You had 10 spell levels left.
You didn't know any spells.

Dungeon Overview and Level Annotations

Branches:
Dungeon (8/15)             Temple (0/1) D:7            Lair (2/6) D:8
  Swamp: Lair:2-4    Shoals: Lair:2-4     Snake: Lair:2-4    Spider: Lair:2-4

Altars:
Cheibriados
Dithmenos
Gozag
Hepliaklqana
Kikubaaqudgha
Nemelex Xobeh
Okawaru
Trog
Vehumet
Xom
Yredelemnul

Annotations:
Lair:1 Sonja


Innate Abilities, Weirdness & Mutations

You reflexively headbutt those who attack you in melee.
You have a pair of horns on your head.
You have sharp toenails.
You are partially covered in large bone plates. (SH +4)
You are partially covered in rugged brown scales. (AC +1, +3% HP)
You are partially covered in slimy green scales. (AC +2)
You are somewhat resistant to further mutation.
You occasionally shout uncontrollably at your foes.
You are weak. (Str -2)


Message History

Okay, then.
As you read the scroll of teleportation, it crumbles to dust.
You feel strangely unstable.
Your surroundings suddenly seem different.
You start resting.
You hear Xom's maniacal laughter.
It was a potion of haste.
You feel yourself speed up. You block the red devil's attack.
The hellwing hits you but does no damage. x2
You are very lightly contaminated with residual magic.
Okay, then.
You feel agile all of a sudden. You block the iron imp's attack.
As you read the scroll of fog, it crumbles to dust.
The scroll dissolves into smoke.
You block the hellwing's attack. The hellwing misses you.
The red devil barely misses you. The ice devil hits you!
* * * LOW HITPOINT WARNING * * *
The ice devil freezes you! You resist.
You die...

,,,,,,,,**,***,,**,*,,,**,,,,***,
,,,,,,,,,,,,>,,,,,,,,,,,,,,,,,,,,
,**,*,,,,,,>,,,,,,,,,,,,,,,,,,,,,
****,,,,,,**,,,,,,*,,#,*****,**,,
* **,,*,**,*,,****,.#** ******
**,,******,,,* *,.# ** *,,,*
*,,,* *..# ,***,,,**
#,,####..##*******
*,**,,,,**###..#@#....##.,**,****
,>,,,,,,,.....§5444......,,,,,,,,
,,,,,,,,,......§5§.......,,,,,,,,
,,,*,,,**##...P#....#P##...#*,*,,
**,**,,***#....##..##*#*#..#****,
****,,,*#...P###..# #..##* *,
*,,,,*#....,#...# #...,* *,
*,,,**##..##*#..#* #..##* *,
*,,,* *,,*..#..P* #...# *.


You could see a hellwing, an ice devil, a red devil, an iron imp and an
ufetubus.

Vanquished Creatures
  A hydra (Lair:1)
  A black mamba (Lair:1)
  5 spiny frogs (Lair:1)
  A komodo dragon (Lair:1)
  2 hippogriffs
  2 yaks (Lair:1)
  The ghost of donomii the Skirmisher, an amateur CeAK of Lugonu (Sewer)
  A tarantella (Lair:1)
  A steam dragon (D:8)
  2 water moccasins
  Duvessa (D:7)
  10 porcupines
  An ice beast (D:6)
  3 orc warriors
  A black bear (D:8)
  4 sky beasts
  2 phantoms
  5 ogres
  5 centaurs
  3 crocodiles
  A big kobold (D:7)
  6 bullfrogs
  Dowan (D:7)
  5 killer bees (D:6)
  A howler monkey (D:5)
  2 crimson imps
  2 jellies
  5 hounds
  2 orc wizards
  2 gnoll shamans
  2 iguanas
  6 worker ants
  A hound zombie (D:7)
  A worker ant zombie (D:5)
  10 gnolls
  10 adders
  A river rat (D:8)
  5 shadow imps
  An adder skeleton (D:8)
  4 worms
  A dart slug (D:1)
  2 leopard geckos
  7 orcs
  12 giant cockroaches
  5 goblins
  7 hobgoblins
  9 jackals
  5 quokkas
  2 ball pythons
  15 bats
  A bat (shapeshifter) (D:5)
  4 frilled lizards
  A jackal zombie (D:8)
  15 kobolds
  13 rats
219 creatures vanquished.

Vanquished Creatures (collateral kills)
  A hippogriff (Lair:1)
  A black bear (D:7)
  2 ogres (D:7)
  A crocodile (D:7)
  A wyvern skeleton (D:7)
  An adder (D:7)
7 creatures vanquished.

Vanquished Creatures (others)
  A fungus (D:8)
1 creature vanquished.

Grand Total: 227 creatures vanquished

Notes
Turn   | Place    | Note
-------+----------+-------------------------------------------
     0 | D:1      | serega1309 the Minotaur Chaos Knight began the quest for the Orb.
     0 | D:1      | Reached XP level 1. HP: 19/19 MP: 0/0
    86 | D:1      | XOM: silly message
   142 | D:1      | Reached XP level 2. HP: 19/27 MP: 1/1
   156 | D:1      | Reached skill level 4 in Maces & Flails
   248 | D:1      | XOM: potion effect (haste)
   477 | D:1      | XOM: noise
   720 | D:2      | Found a shimmering altar of Xom.
   722 | D:2      | Found an opulent altar of Gozag.
   736 | D:2      | Reached XP level 3. HP: 22/33 MP: 2/2
  1302 | D:2      | Reached skill level 5 in Maces & Flails
  1302 | D:2      | Reached XP level 4. HP: 40/40 MP: 3/3
  1486 | D:2      | XOM: harmless Chrm miscast
  1543 | D:2      | XOM: silly message
  1789 | D:3      | XOM: 1-stop teleportation journey
  1806 | D:3      | XOM: harmless Tmut miscast
  1967 | D:3      | XOM is BORED!
  1967 | D:3      | XOM: noise
  2037 | D:3      | XOM: harmless Chrm miscast
  2057 | D:3      | XOM: silly message
  2273 | D:4      | Reached XP level 5. HP: 38/47 MP: 4/4
  2289 | D:4      | Noticed an ogre
  2316 | D:4      | Killed an ogre
  2316 | D:4      | Reached skill level 6 in Maces & Flails
  2375 | D:4      | Noticed a phantom
  2379 | D:4      | XOM: scenery: create altars
  2391 | D:4      | Killed a phantom
  2391 | D:4      | Reached skill level 5 in Fighting
  2391 | D:4      | Reached XP level 6. HP: 31/56 MP: 2/5
  2653 | D:4      | XOM: noise
  2654 | D:4      | Reached skill level 7 in Maces & Flails
  2823 | D:4      | Reached XP level 7. HP: 56/61 MP: 4/6
  2828 | D:4      | XOM: god gift: 45 gold pieces
  2845 | D:4      | XOM: cloud trail
  2854 | D:4      | XOM: summons friendly white imp
  2886 | D:4      | Found a sparkling altar of Nemelex Xobeh.
  2928 | D:4      | XOM: potion effect (haste)
  2953 | D:4      | Found an iron altar of Okawaru.
  3087 | D:5      | Entered Level 5 of the Dungeon
  3204 | D:5      | Found a shadowy altar of Dithmenos.
  3205 | D:5      | Found a sparkling altar of Nemelex Xobeh.
  3207 | D:5      | Found an ancient bone altar of Kikubaaqudgha.
  3207 | D:5      | Found a bloodstained altar of Trog.
  3211 | D:5      | Found a radiant altar of Vehumet.
  3212 | D:5      | Found a snail-covered altar of Cheibriados.
  3336 | D:5      | XOM: 2-stop teleportation journey
  3415 | D:5      | XOM: enchant monster (bad)
  3420 | D:5      | XOM: cast spell 'Confusing Touch'
  3447 | D:5      | XOM: potion effect (might)
  3452 | D:5      | Reached skill level 8 in Maces & Flails
  3528 | D:5      | XOM: silly message
  3806 | D:5      | Reached skill level 5 in Dodging
  3806 | D:5      | Reached XP level 8. HP: 70/70 MP: 7/7
  4010 | D:5      | XOM: cast spell 'Summon Butterflies'
  4188 | D:6      | XOM: potion effect (berserk rage)
  4191 | D:6      | XOM: mild Necr miscast
  4257 | D:6      | Noticed a hippogriff
  4312 | D:6      | Found a sparkling altar of Nemelex Xobeh.
  4312 | D:6      | XOM: mild Ice miscast
  4446 | D:5      | Reached skill level 9 in Maces & Flails
  4503 | D:6      | Found a shimmering altar of Xom.
  4593 | D:6      | Found a glowing drain.
  4607 | Sewer    | Entered a sewer
  4607 | Sewer    | Noticed donomii's ghost (amateur CeAK)
  4632 | Sewer    | Killed donomii's ghost
  4632 | Sewer    | Reached skill level 5 in Armour
  4808 | Sewer    | XOM: 5-stop teleportation journey
  4994 | D:6      | XOM: give mutations
  4994 | D:6      | Gained mutation: You are somewhat resistant to further mutation. [Xom's grace]
  4994 | D:6      | Gained mutation: You are partially covered in large bone plates. (SH +4) [Xom's grace]
  4994 | D:6      | Gained mutation: You have sharp toenails. [Xom's grace]
  4994 | D:6      | Gained mutation: Your mind is acute. (Int +2) [Xom's grace]
  5147 | D:6      | XOM: divination: magic mapping
  5155 | D:6      | Killed a hippogriff
  5155 | D:6      | Reached XP level 9. HP: 48/77 MP: 4/8
  5450 | D:6      | Found a basalt altar of Yredelemnul.
  5526 | D:6      | Reached skill level 10 in Maces & Flails
  5674 | D:7      | XOM: harmless Summ miscast
  5698 | D:6      | XOM: mild Divn miscast
  5832 | D:6      | XOM: mild Fire miscast
  5883 | D:6      | XOM: summons 1 hostile demon
  5931 | D:7      | Gained mutation: Your spells are a little easier to cast, but a little less powerful. [mutagenic meat]
  5933 | D:7      | Gained mutation: You are partially covered in rugged brown scales. (AC +1, +3% HP) [mutagenic meat]
  5933 | D:7      | Lost mutation: Your spells are a little easier to cast, but a little less powerful. [potion of mutation]
  5933 | D:7      | Gained mutation: You are partially covered in slimy green scales. (AC +2) [potion of mutation]
  6337 | D:7      | XOM: fake destruction
  6339 | D:7      | Noticed Duvessa
  6341 | D:7      | Noticed Dowan
  6347 | D:7      | XOM: swap monsters
  6354 | D:7      | XOM: chaos upgrade
  6360 | D:7      | XOM: cast spell 'Summon Small Mammal'
  6365 | D:7      | Killed Duvessa
  6368 | D:7      | XOM: summons 2 friendly demons
  6373 | D:7      | XOM: enchant monster (bad)
  6377 | D:7      | XOM: cast spell 'Summon Butterflies'
  6378 | D:7      | XOM: harmless Air miscast
  6380 | D:7      | Killed Dowan
  6387 | D:7      | Reached skill level 11 in Maces & Flails
  6491 | D:7      | Found a staircase to the Ecumenical Temple.
  7065 | D:8      | XOM: noise
  7068 | D:8      | XOM: enchant monster (good)
  7182 | D:8      | Found a staircase to the Lair.
  7198 | D:8      | Reached XP level 10. HP: 53/90 MP: 6/9
  7488 | D:8      | XOM: summons 5 hostile demons
  7633 | D:7      | XOM: 2-stop teleportation journey
  7737 | D:8      | XOM: mild Fire miscast
  7786 | D:8      | XOM: give mutation
  7786 | D:8      | Gained mutation: Your body sometimes deteriorates upon taking damage. [Xom's mischief]
  7805 | D:8      | Found a hazy altar of Hepliaklqana.
  7825 | D:8      | XOM: give mutation
  7825 | D:8      | Lost mutation: Your mind is acute. (Int +2) [Xom's mischief]
  7984 | D:8      | XOM: enchant monster (good)
  8343 | Lair:1   | Entered Level 1 of the Lair of Beasts
  8369 | Lair:1   | Noticed a spiny frog
  8372 | Lair:1   | XOM: cleaving
  8373 | Lair:1   | XOM: noise
  8378 | Lair:1   | Killed a spiny frog
  8378 | Lair:1   | Reached skill level 12 in Maces & Flails
  8467 | Lair:1   | Noticed a spiny frog
  8473 | Lair:1   | XOM: summons friendly shadow imp
  8480 | Lair:1   | Killed a spiny frog
  8523 | Lair:1   | XOM: give mutations
  8523 | Lair:1   | Gained mutation: You occasionally shout uncontrollably at your foes. [Xom's mischief]
  8523 | Lair:1   | Lost mutation: Your body sometimes deteriorates upon taking damage. [Xom's mischief]
  8523 | Lair:1   | Gained mutation: You are weak. (Str -2) [Xom's mischief]
  8547 | Lair:1   | Noticed a black mamba
  8564 | Lair:1   | Killed a black mamba
  8567 | Lair:1   | Got a brightly glowing diamond amulet
  8821 | Lair:1   | Noticed a spiny frog
  8824 | Lair:1   | XOM: polymorph yak -> tarantella
  8830 | Lair:1   | XOM: confusion
  8849 | Lair:1   | Killed a spiny frog
  9004 | Lair:1   | XOM: confuse monster(s)
  9016 | Lair:1   | Reached skill level 10 in Dodging
  9155 | Lair:1   | Noticed a spiny frog
  9164 | Lair:1   | XOM: cleaving
  9165 | Lair:1   | XOM: mild Fire miscast
  9169 | Lair:1   | Killed a spiny frog
  9171 | Lair:1   | XOM: confusion (+ monsters)
  9242 | Lair:1   | Identified the amulet of Modesty {Reflect Int+3 SH+5} (You found it on level 1 of the Lair of Beasts)
  9508 | Lair:1   | XOM: stat loss: -1 Dex (13/14)
  9568 | Lair:1   | Reached skill level 13 in Maces & Flails
  9747 | Lair:1   | XOM: noise
  9750 | Lair:1   | Noticed Sonja
  9752 | Lair:1   | Noticed a spiny frog
  9762 | Lair:1   | Killed a spiny frog
  9762 | Lair:1   | Reached XP level 11. HP: 99/99 MP: 10/10
  9773 | Lair:1   | XOM: mild Tmut miscast
  9793 | Lair:1   | XOM: enchant monster (bad)
  9797 | Lair:1   | Noticed a six-headed hydra
  9986 | Lair:1   | Killed a six-headed hydra
 10374 | Lair:2   | HP: 3/101 [something (15)]
 10384 | Lair:2   | HP: 1/101 [something (7)]
 10430 | Lair:2   | XOM: summons 5 hostile demons
 10433 | Lair:2   | HP: 4/101 [ice devil[Xom] (9)]
 10433 | Lair:2   | Slain by an ice devil

Skill      XL: |  1  2  3  4  5  6  7  8  9 10 |
---------------+-------------------------------+-----
Maces & Flails | 4 5 6 7 8 9 11 13 | 13.4
Fighting       | 4 5 6 8 9 |  9.9
Armour         | 3 4 5 6 |  6.4
Dodging        | 2 3 5 7 8 10 | 10.7

Action                   |  1- 3 |  4- 6 |  7- 9 | 10-12 || total
-------------------------+-------+-------+-------+-------++-------
Melee: Mace              |    85 |    96 |   389 |   255 ||   825
       Headbutt          |     8 |    12 |    61 |    47 ||   128
  Use: Scroll            |     1 |    15 |     7 |     6 ||    29
       Potion            |       |     1 |     7 |     9 ||    17
 Stab: Paralysed         |       |     1 |     4 |       ||     5
       Confused          |       |       |     1 |     2 ||     3
       Petrifying        |       |       |     1 |       ||     1
       Sleeping          |       |       |     1 |       ||     1
       Petrified         |       |       |       |     2 ||     2
  Eat: Chunk             |     1 |     5 |    15 |     3 ||    24
       Pizza             |       |       |     2 |       ||     2
       Beef jerky        |       |       |       |     2 ||     2
       Royal jelly       |       |       |       |     1 ||     1
       Fruit             |       |       |       |     1 ||     1
Armor: Leather armour    |    20 |    41 |   102 |    43 ||   206
       Skin              |       |       |   242 |    20 ||   262
Dodge: Dodged            |    53 |    65 |   306 |   125 ||   549
Block: Other             |       |       |    36 |    54 ||    90
